 Dungeon Crawl Stone Soup version 0.20.1-1-g8b1a95d (webtiles) character file.

60376 letownia2 the Reanimator (level 14, 95/126 HPs)
             Began as a Deep Dwarf Necromancer on Nov 26, 2017.
             Was an Initiate of Gozag.
             Quit the game on level 2 of the Lair of Beasts.
             The game lasted 01:37:18 (22604 turns).

letownia2 the Reanimator (Deep Dwarf Necromancer)  Turns: 22604, Time: 01:37:19

Health: 95/126     AC: 22    Str: 16    XL:     14   Next: 56%
Magic:  29/29      EV: 10    Int: 17    God:    Gozag
Gold:   777        SH:  0    Dex: 13    Spells: 14/35 levels left

rFire    . . .     SeeInvis .   a - +2 spear (venom)
rCold    . . .     Gourm    .   (no shield)
rNeg     + . .     Faith    .   s - +4 scale mail
rPois    .         Spirit   .   R - +0 helmet (curse)
rElec    .         Reflect  .   p - +2 cloak
rCorr    +         Harm     .   o - +0 pair of gloves
MR       +++..                  K - +1 pair of boots
Stlth    +.........             Q - amulet of rage
Regen    0.0/turn               h - +2 ring of slaying
MPRegen  0.3/turn               n - ring of the Jackalope {rCorr MR+ Slay+3}

@: non-regenerating
A: damage resistance, heal wounds, negative energy resistance 1, sense
surroundings 2, no regeneration
a: Heal Wounds, Potion Petition, Call Merchant, Bribe Branch, Renounce Religion,
Evoke Berserk Rage


You were on level 2 of the Lair of Beasts.
You worshipped Gozag.
Gozag was pleased with you.
You were not hungry.

You visited 4 branches of the dungeon, and saw 22 of its levels.
You also visited: Ossuary and Bailey.

You collected 7468 gold pieces.
You paid 6691 gold pieces to Gozag.

Inventory:

Hand Weapons
 a - a +2 spear of venom (weapon)
 b - the +6 great sword "Piuj" {slice, rF+}
   (You found it on level 13 of the Dungeon)

   It inflicts extra damage upon your enemies.
   It protects you from fire.
 d - a +2 spear of flaming
 t - a +4 arbalest
 I - a +0 battleaxe
 J - a +5 bardiche
Missiles
 H - 132 bolts
 P - a throwing net (quivered)
 U - 7 javelins
Armour
 o - a +0 pair of gloves (worn)
 p - a +2 cloak (worn)
 s - a +4 scale mail (worn)
 y - a +1 chain mail of fire resistance
 C - a +2 chain mail of cold resistance
 K - a +1 pair of boots (worn)
 R - a cursed +0 helmet (worn)
Magical Staves
 v - an uncursed staff of cold
Jewellery
 e - an uncursed ring of fire
 h - a +2 ring of slaying (left hand)
 n - the ring of the Jackalope (right hand) {rCorr MR+ Slay+3}
   (You found it on level 12 of the Dungeon)

   [ring of resist corrosion]

   It affects your accuracy and damage with ranged weapons and melee attacks
   (+3).
   It affects your resistance to hostile enchantments.
 q - a +4 ring of strength
 Q - an amulet of rage (around neck)
Wands
 l - a wand of scattershot (3/9)
 E - a wand of digging (6/24)
 O - a wand of paralysis (3/24)
 S - a wand of confusion (15/48)
Scrolls
 f - 4 scrolls of magic mapping
 g - 2 scrolls of recharging
 i - 2 scrolls of identify
 j - 9 scrolls of remove curse
 G - 9 scrolls of teleportation
 W - a scroll of fog
Potions
 m - 10 potions of curing
 u - a potion of berserk rage
 w - 3 potions of cancellation
 x - 4 potions of mutation
 z - 6 potions of haste
 A - 4 potions of might
 B - 5 potions of brilliance
 D - 4 potions of agility
 F - 2 potions of magic
 L - 2 potions of resistance
 N - 6 potions of heal wounds
 T - 2 potions of lignification
 Y - a potion of flight
Miscellaneous
 k - a sack of spiders
 r - a lightning rod (inert)
Comestibles
 c - 4 bread rations
 Z - 12 royal jellies


   Skills:
 - Level 8.2 Fighting
 - Level 7.8(7.9) Axes
 - Level 1.2(4.2) Polearms
 - Level 11.6 Armour
 - Level 2.1 Dodging
 - Level 2.4 Stealth
 - Level 11.0 Spellcasting
 - Level 3.2 Conjurations
 - Level 2.0 Hexes
 - Level 3.0 Charms
 - Level 13.9 Necromancy
 - Level 2.5 Translocations
 - Level 2.3 Fire Magic
 - Level 3.8 Air Magic
 - Level 3.6 Poison Magic
 + Level 6.5 Evocations


You had 14 spell levels left.
You knew the following spells:

 Your Spells              Type           Power        Failure   Level  Hunger
a - Pain                  Necr           ####         1%          1    None
b - Blink                 Tloc           N/A          11%         2    None
c - Conjure Flame         Conj/Fire      ###.....     21%         3    None
e - Mephitic Cloud        Conj/Pois/Air  ###.....     14%         3    None
l - Song of Slaying       Chrm           ###.....     9%          2    None
p - Poisonous Vapours     Pois/Air       ###...       7%          2    None
t - Shroud of Golubria    Chrm/Tloc      ###.......   10%         2    None
v - Vampiric Draining     Necr           ######....   1%          3    None
x - Spectral Weapon       Hex/Chrm       ###.....     22%         3    None


Dungeon Overview and Level Annotations

Branches:
Dungeon (15/15)            Temple (1/1) D:4            Lair (4/6) D:9
  Snake (0/4) Lair:4          Orc (2/2) D:10            Elf (0/3) Orc:2
 Vaults (0/5) D:13         Depths (0/5) D:15
  Swamp: Lair:2-4    Shoals: Lair:2-4

Altars:
Ashenzari
Cheibriados
Dithmenos
Elyvilon
Gozag
Hepliaklqana
Kikubaaqudgha
Makhleb
Nemelex Xobeh
Okawaru
Ru
Sif Muna
Trog
Uskayaw
Vehumet
Xom
The Shining One

Shops:
D:4 (?   D:5 (   D:6 [   D:7 [   D:8 (   D:9 (   D:10 ?   D:14 }   Orc:1 [[
Orc:2 (:**=   Lair:2 [=[(   Lair:3 ?

Annotations:
D:4 Ymberto's ghost, amateur HuFi
D:6 Brandom's ghost, novice OpSu; Grinder
D:9 1 exclusion
D:15 Josephine; KromesxD's ghost, journeyman TrMo; Nessos
Lair:1 exclusion: oklob plant


Innate Abilities, Weirdness & Mutations

You are resistant to damage.
You can heal yourself by infusing magical energy.
You resist negative energy. (rN+)
You passively map the area around you.
You do not regenerate.


Message History

Drop what? 49/52 slots (_ for help) (? for menu, Esc to quit)
Okay, then.
Okay, then.
Put on which piece of jewellery? (? for menu, Esc to quit)
Okay, then.
Drop what? 49/52 slots (_ for help) (? for menu, Esc to quit)
Okay, then. [a] 1330 gold - Qiwiwn's Food Shop [b] 1307 gold - Ruofauh's Weapon Emporium [c] 1705 gold - Uxtiezu's Jewellery Boutique [d] 1340 gold - Uranuxeh's Antique Weapon Emporium Fund which merchant?
You no longer have enough gold to fund merchants seeking to open stores in the dungeon.
Uranuxeh invites you to visit her Antique Weapon Emporium.
Okay, then.
Put on which piece of jewellery? (? for menu, Esc to quit)
Okay, then.
Wear which item? (? for menu, Esc to quit)
Okay, then.
Are you sure you want to abandon this character and quit the game? (Confirm with "yes".)

##.......## #P.P≈≈≈≈ *
###.....# #P≈≈≈♣≈≈ *
######.#.## #.P≈≈♣ ,
##.#P###..### #.P≈≈♣ ≈
#.....P..P..## #..≈P♣
............P# ###..P≈♣♣ ≈ ,
**
.............####....P≈P♣≈≈
≈
.P.##........#.P.:....≈P≈≈≈≈
*
≈≈###.......#∩..@+.....PP..#
≈≈..........∩∩<.#P........##
≈P##........##.##.........#*
≈≈###.....[.######........P
P≈##..........# ##.P######
PP♣##........## #### ≈P♣
###.#.#### ≈♣♣ ##### ≈*


There were no monsters in sight!

Vanquished Creatures
  Snorg (Orc:2)
  Fannar (Lair:1)
  An ogre mage (Orc:1)
  3 hydras
  5 two-headed ogres
  The ghost of Regeox the Basher, a novice HOFi of Okawaru (Bailey)
  A tengu warrior (D:14)
  Urug (Lair:2)
  An orc high priest (Orc:1)
  Nergalle (Lair:3)
  An unseen horror (D:13)
  5 orc knights
  16 ugly things
  2 oklob plants (Lair:4)
  A fire giant zombie (D:15)
  3 orc sorcerers
  A deep elf mage (D:12)
  Maurice (D:8)
  A manticore (D:14)
  7 cyclopes
  2 black mambas
  A gargoyle (D:13)
  6 spiny frogs
  2 efreet (D:14)
  2 freezing wraiths (D:14)
  3 kobold demonologists (D:13)
  3 komodo dragons
  A rime drake (Lair:3)
  A tengu conjurer (D:14)
  5 trolls
  A queen bee (Lair:4)
  3 meliai (Lair:4)
  A polar bear (Lair:4)
  2 hornets
  8 blink frogs (Lair:3)
  4 hippogriffs
  7 dream sheep (Lair:3)
  A centaur simulacrum (D:14)
  10 yaks
  2 vampires (D:12)
  2 wyverns
  3 basilisks
  3 hungry ghosts
  Menkaure (D:7)
  2 insubstantial wisps
  6 vampire mosquitoes
  A warg (Orc:1)
  An acid dragon (D:13)
  7 water moccasins
  7 porcupines
  2 sky beasts
  39 orc warriors
  4 ice beasts
  3 black bears
  11 ogres
  21 centaurs
  6 crocodiles
  4 big kobolds
  A water moccasin zombie (D:10)
  14 bullfrogs
  13 gnoll sergeants
  2 wyvern skeletons
  4 scorpions
  31 killer bees
  3 electric eels
  4 wights (D:9)
  4 howler monkeys
  2 centaur zombies
  2 bullfrog zombies
  5 crimson imps
  A quasit (D:11)
  6 jellies
  11 hounds
  9 centaur skeletons
  7 gnoll shamans
  11 orc priests
  3 bullfrog skeletons
  6 iguanas
  Natasha (thrice) (D:3)
  26 orc wizards
  13 worker ants
  5 big kobold zombies (Ossuary)
  2 hound skeletons
  A mummy (Ossuary)
  21 gnolls
  15 adders
  6 shadow imps
  An ooze (D:2)
  An adder skeleton (D:5)
  2 adder zombies
  3 dart slugs
  3 worms
  5 leopard geckos
  74 orcs
  4 spectral bats (Ossuary)
  A ball python (D:2)
  11 bats
  5 giant cockroaches
  7 gnoll zombies (Ossuary)
  10 goblins
  9 hobgoblins
  12 jackals
  20 kobolds
  4 quokkas
  2 bat simulacra (Ossuary)
  A frilled lizard (D:1)
  2 goblin simulacra (Ossuary)
  5 goblin zombies (Ossuary)
  8 hobgoblin zombies (Ossuary)
  2 jackal skeletons
  3 kobold simulacra (Ossuary)
  2 kobold zombies (Ossuary)
  A leopard gecko zombie (D:5)
  3 orc zombies (Ossuary)
  A quokka skeleton (D:9)
  A quokka zombie (D:9)
  9 rats
  3 rat simulacra (Ossuary)
  4 spectral goblins (Ossuary)
  A spectral kobold (Ossuary)
  2 spectral rats (Ossuary)
695 creatures vanquished.

Vanquished Creatures (collateral kills)
  A killer bee (D:9)
  A hound (D:13)
2 creatures vanquished.

Vanquished Creatures (others)
  2 dancing weapons (D:13)
  6 fungi
  8 plants
16 creatures vanquished.

Grand Total: 713 creatures vanquished

Notes
Turn   | Place    | Note
-------+----------+-------------------------------------------
     0 | D:1      | letownia2 the Deep Dwarf Necromancer began the quest for the Orb.
     0 | D:1      | Reached XP level 1. HP: 15/15 MP: 3/3
   277 | D:1      | Reached XP level 2. HP: 22/22 MP: 0/5
   565 | D:2      | Reached skill level 5 in Necromancy
   625 | D:2      | Reached XP level 3. HP: 10/28 MP: 4/6
   630 | D:2      | Learned a level 3 spell: Vampiric Draining
   873 | D:3      | Noticed Natasha
   905 | D:4      | Reached XP level 4. HP: 5/36 MP: 1/7
   970 | D:4      | Reached skill level 6 in Necromancy
  1012 | D:4      | Found a staircase to the Ecumenical Temple.
  1073 | Temple   | Entered the Ecumenical Temple
  1240 | Temple   | Became a worshipper of Gozag Ym Sagoz the Greedy
  1271 | D:4      | Found Domn's Magic Scroll Shoppe.
  1327 | D:4      | Noticed an ogre
  1395 | D:4      | Killed an ogre
  1395 | D:4      | Reached XP level 5. HP: 37/42 MP: 0/10
  1500 | D:3      | Killed Natasha
  1500 | D:3      | Reached skill level 1 in Armour
  1510 | D:3      | Noticed Natasha
  1522 | D:3      | Killed Natasha
  1614 | D:3      | Reached skill level 1 in Fighting
  1771 | D:3      | Noticed Natasha
  1774 | D:3      | Killed Natasha
  1774 | D:3      | Reached XP level 6. HP: 32/51 MP: 8/11
  1779 | D:3      | Found a hide-covered altar of Uskayaw.
  1863 | D:3      | Found a white marble altar of Elyvilon.
  1884 | D:3      | Found an iron altar of Okawaru.
  1910 | D:3      | Found an ancient bone altar of Kikubaaqudgha.
  1914 | D:3      | Found a shimmering altar of Xom.
  1915 | D:3      | Found a burning altar of Makhleb.
  2920 | D:4      | Noticed Ymberto's ghost (amateur HuFi)
  3034 | D:3      | Reached skill level 7 in Necromancy
  3129 | D:4      | Reached XP level 7. HP: 46/57 MP: 4/13
  3165 | D:4      | Found a bloodstained altar of Trog.
  3323 | D:4      | Found Wilyonui's Antique Weapon Shoppe.
  3327 | D:4      | Noticed a wyvern
  3338 | D:4      | Killed a wyvern
  3384 | D:4      | Reached skill level 8 in Necromancy
  3465 | D:5      | Entered Level 5 of the Dungeon
  3465 | D:5      | Found Tafoy's Antique Weapon Boutique.
  3478 | D:5      | Reached skill level 5 in Spellcasting
  3495 | D:5      | Found a shattered altar of Ashenzari.
  3538 | D:5      | Reached skill level 1 in Evocations
  3710 | D:5      | Reached XP level 8. HP: 53/64 MP: 3/15
  4026 | D:2      | You fall through a shaft!
  4248 | D:6      | Noticed Grinder
  4249 | D:6      | Noticed Brandom's ghost (novice OpSu)
  4285 | D:6      | Found a sand-covered staircase.
  4294 | Ossuary  | Entered an ossuary
  5345 | D:7      | Learned a level 2 spell: Blink
  5349 | D:7      | Learned a level 3 spell: Conjure Flame
  5353 | D:7      | Learned a level 3 spell: Mephitic Cloud
  5357 | D:7      | Found a sacrificial altar of Ru.
  5380 | D:7      | Reached skill level 1 in Translocations
  5397 | D:6      | Reached skill level 1 in Fire Magic
  5755 | D:5      | HP: 1/68 [shadow imp/nerve-wracking pain (9)]
  6036 | D:7      | Reached skill level 1 in Air Magic
  6036 | D:7      | Gained mutation: You passively map the area around you. [Deep Dwarf growth]
  6036 | D:7      | Reached XP level 9. HP: 17/74 MP: 8/19
  6051 | D:6      | Paralysed by Grinder for 3 turns
  6242 | D:7      | Noticed Menkaure
  6257 | D:7      | Killed Menkaure
  6257 | D:7      | Reached skill level 1 in Conjurations
  6257 | D:7      | Reached skill level 1 in Poison Magic
  6522 | D:8      | You fall through a shaft!
  6761 | D:9      | Noticed a two-headed ogre
  6769 | D:9      | Killed a two-headed ogre
  6897 | D:9      | Noticed a merfolk
  7180 | D:8      | Found Ruimp's Weapon Emporium.
  7452 | D:8      | Noticed Maurice
  7469 | D:8      | Killed Maurice
  7469 | D:8      | Reached XP level 10. HP: 78/81 MP: 7/23
  7617 | D:9      | Found a staircase to the Lair.
  7735 | D:9      | Noticed a two-headed ogre
  8322 | D:10     | Entered Level 10 of the Dungeon
  8600 | D:10     | Found a staircase to the Orcish Mines.
  8622 | D:10     | Reached skill level 9 in Necromancy
  8873 | D:10     | Found Guriyts's Magic Scroll Shoppe.
  8919 | D:10     | Reached skill level 1 in Axes
  9374 | D:10     | Learned a level 2 spell: Song of Slaying
  9378 | D:10     | Learned a level 3 spell: Spectral Weapon
  9381 | D:10     | Learned a level 2 spell: Shroud of Golubria
  9454 | D:11     | Found a flagged portal.
  9526 | D:11     | Reached skill level 1 in Hexes
  9526 | D:11     | Reached skill level 1 in Charms
  9526 | D:11     | Reached XP level 11. HP: 87/93 MP: 12/24
  9574 | D:11     | Noticed a purple ugly thing
  9581 | D:11     | Killed a purple ugly thing
  9581 | D:11     | Reached skill level 1 in Polearms
  9865 | Bailey   | Entered a bailey
  9923 | Bailey   | Noticed Regeox's ghost (novice HOFi)
  9947 | Bailey   | Killed Regeox's ghost
 10370 | Bailey   | Reached skill level 10 in Necromancy
 11003 | D:11     | Noticed a brown ugly thing
 11010 | D:11     | Killed a brown ugly thing
 11010 | D:11     | Reached skill level 5 in Armour
 11275 | D:12     | Got a pitted golden ring
 11736 | D:12     | Noticed a deep elf mage
 11743 | D:12     | Killed a deep elf mage
 12063 | D:12     | Noticed a red ugly thing
 12094 | D:12     | Killed a red ugly thing
 12231 | D:12     | Noticed a white ugly thing
 12241 | D:12     | Killed a white ugly thing
 12708 | D:12     | Learned a level 2 spell: Poisonous Vapours
 12708 | D:12     | Identified the ring of the Jackalope {rCorr MR+ Slay+3} (You found it on level 12 of the Dungeon)
 12721 | D:13     | Noticed a two-headed ogre
 12727 | D:13     | Noticed an enchanted long sword
 12735 | D:13     | Killed an enchanted long sword
 12735 | D:13     | Reached XP level 12. HP: 72/100 MP: 20/25
 12748 | D:13     | Killed a two-headed ogre
 13146 | D:13     | Found a gate to the Vaults.
 13181 | D:13     | Noticed a two-headed ogre
 13199 | D:13     | Killed a two-headed ogre
 13199 | D:13     | Reached skill level 10 in Spellcasting
 13364 | D:13     | Reached skill level 11 in Necromancy
 13575 | D:13     | Got an iridescent great sword
 13582 | D:13     | Identified the +6 great sword "Piuj" {slice, rF+} (You found it on level 13 of the Dungeon)
 13644 | D:13     | Reached skill level 10 in Armour
 13961 | D:14     | Noticed a two-headed ogre
 13962 | D:14     | Noticed a tengu warrior
 13968 | D:14     | Killed a two-headed ogre
 13986 | D:14     | Killed a tengu warrior
 13986 | D:14     | Reached skill level 5 in Fighting
 14022 | D:14     | Reached skill level 12 in Necromancy
 14365 | D:14     | Reached XP level 13. HP: 104/111 MP: 1/27
 14514 | D:14     | Found Ucziuhen's Gadget Boutique.
 14616 | D:14     | Reached skill level 5 in Axes
 14947 | D:15     | Entered Level 15 of the Dungeon
 15165 | Lair:1   | Entered Level 1 of the Lair of Beasts
 15269 | Lair:1   | Reached skill level 13 in Necromancy
 15803 | Lair:2   | Noticed Urug
 15823 | Lair:2   | Killed Urug
 15869 | Lair:2   | Identified a scroll of acquirement
 15870 | Lair:2   | Got a jewelled shield
 15876 | Lair:2   | Identified the +5 shield of Siegiut {rElec} (You acquired it on level 2 of the Lair of Beasts)
 15994 | Lair:1   | Noticed Fannar
 16012 | Lair:1   | Killed Fannar
 16389 | D:15     | Noticed Josephine
 16676 | Lair:3   | Got a slimy golden ring
 16722 | Lair:3   | Identified the ring of Yesterday {*Corrode rPois Str+9 Slay-4 Stlth+} (You found it on level 3 of the Lair of Beasts)
 16883 | Lair:3   | Noticed Nergalle
 17372 | D:15     | Noticed KromesxD's ghost (journeyman TrMo)
 17465 | D:15     | Found a staircase to the Depths.
 17471 | D:15     | Noticed Nessos
 17703 | Lair:3   | Killed Nergalle
 18657 | Lair:4   | Gained mutation: You resist negative energy. (rN+) [Deep Dwarf growth]
 18657 | Lair:4   | Reached XP level 14. HP: 107/123 MP: 13/29
 19412 | Lair:4   | Found a staircase to the Snake Pit.
 19666 | Orc:1    | Entered Level 1 of the Orcish Mines
 19818 | Orc:1    | You fall through a shaft!
 19818 | Orc:2    | Entered Level 2 of the Orcish Mines
 20289 | Orc:1    | Found Filahet's Armour Shoppe.
 20293 | Orc:1    | Found Mukkyudism's Antique Armour Shop.
 20588 | Orc:2    | Found a staircase to the Elven Halls.
 20934 | Orc:2    | Noticed Snorg
 21021 | Orc:2    | Killed Snorg
 21705 | Orc:2    | Reached skill level 5 in Evocations
 22076 | Orc:2    | Found Keredem's Jewellery Shoppe.
 22168 | Orc:2    | Found Heehoer's Assorted Antiques.
 22168 | Orc:2    | Found Pimmudaeb's Book Shop.
 22170 | Orc:2    | Found Ezisog's Weapon Boutique.
 22172 | Orc:2    | Found Zemut's Assorted Antiques.
 22604 | Lair:2   | Quit the game

Skill      XL: |  1  2  3  4  5  6  7  8  9 10 11 12 13 14 |
---------------+-------------------------------------------+-----
Spellcasting   | 2 3 4 5 6 9 10 11 | 11.0
Necromancy     | 5 6 7 8 9 10 12 13 | 13.9
Armour         | 1 4 8 10 11 | 11.6
Fighting       | 1 2 4 6 7 8 |  8.2
Evocations     | 3 4 6 |  6.5
Translocations | 1 2 |  2.5
Fire Magic     | 1 2 |  2.3
Air Magic      | 1 2 3 |  3.8
Conjurations   | 2 3 |  3.2
Poison Magic   | 1 2 3 |  3.6
Axes           | 3 4 6 7 |  7.8
Hexes          | 1 2 |  2.0
Charms         | 1 3 |  3.0
Polearms       | 1 |  1.2
Dodging        | |  2.1
Stealth        | |  2.4

Action                   |  1- 3 |  4- 6 |  7- 9 | 10-12 | 13-15 || total
-------------------------+-------+-------+-------+-------+-------++-------
Melee: Unarmed           |     5 |       |       |       |       ||     5
       Short sword       |    17 |     8 |       |       |       ||    25
       Whip              |       |     4 |   345 |    28 |       ||   377
       Dagger            |       |       |    13 |    88 |       ||   101
       Spear             |       |       |       |   597 |   559 ||  1156
       Great sword       |       |       |       |    13 |    20 ||    33
Throw: Javelin           |     3 |     6 |     9 |     3 |     1 ||    22
       Throwing net      |       |       |       |     1 |    17 ||    18
 Cast: Pain              |    37 |   131 |    64 |    50 |    10 ||   292
       Vampiric Draining |     6 |    15 |    95 |   177 |   291 ||   584
       Mephitic Cloud    |       |       |     4 |    39 |    44 ||    87
       Conjure Flame     |       |       |     4 |    51 |    36 ||    91
       Blink             |       |       |       |     2 |     2 ||     4
       Poisonous Vapours |       |       |       |     1 |       ||     1
Invok: Call Merchant     |       |       |     1 |     1 |     5 ||     7
 Abil: Evoke Berserk Rag |       |       |       |     1 |       ||     1
Evoke: Wand              |       |       |    28 |    27 |    48 ||   103
       Lightning rod     |       |       |       |       |     4 ||     4
       Sack of spiders   |       |       |       |       |     1 ||     1
  Use: Scroll            |       |       |     5 |    23 |     4 ||    32
       Potion            |       |       |     3 |       |     2 ||     5
 Stab: Sleeping          |       |     1 |       |     1 |       ||     2
       Confused          |       |       |     5 |    37 |    27 ||    69
       Distracted        |       |       |       |       |     2 ||     2
       Held in net/web   |       |       |       |       |     3 ||     3
       Paralysed         |       |       |       |       |     1 ||     1
  Eat: Chunk             |     1 |     3 |       |       |       ||     4
       Fruit             |       |     3 |       |    10 |     8 ||    21
       Meat ration       |       |     1 |     3 |     2 |     3 ||     9
       Bread ration      |       |       |     1 |       |       ||     1
       Royal jelly       |       |       |       |     1 |     3 ||     4
Armor: Robe              |    14 |       |       |       |       ||    14
       Ring mail         |     9 |    44 |   144 |   138 |       ||   335
       Scale mail        |       |       |       |   211 |   442 ||   653
Dodge: Dodged            |    52 |    48 |   261 |   381 |   351 ||  1093
       Rpst.: Great sword |       |       |       |     1 |     6 ||     7
